 Dungeon Crawl Stone Soup version 0.32-a0-20-ge526923d97 (webtiles) character file.

Game seed: 9938013743363384848

1493 12sPaWn12 the Cudgeller (level 8, -6/50 HPs)
             Began as a Gargoyle Fighter on Jan 17, 2024.
             Was a Believer of Zin.
             Killed by divine providence
             ... invoked by an orc priest
              (10 damage)
             ... on level 7 of the Dungeon.
             The game lasted 00:12:28 (5585 turns).

12sPaWn12 the Cudgeller (Gargoyle Fighter)          Turns: 5585, Time: 00:12:28

Health: -6/50      AC: 14    Str: 20      XL:     8   Next: 80%
Magic:  0/8        EV:  9    Int: 14      God:    Zin [**....]
Gold:   304        SH:  4    Dex:  7 (8)  Spells: 7/7 levels left

rFire   . . .        a - +0 flail
rCold   . . .        c - +0 buckler
rNeg    + . .        b - +0 scale mail
rPois   ∞            p - +1 hat
rElec   +            (no cloak)
rCorr   .            (no gloves)
SInv    .            (no boots)
Will    .....        g - amulet of guardian spirit Stlth
                     (no ring)
HPRegen 0.28/turn    (no ring)
MPRegen 0.11/turn

%: random rage (3%), guardian spirit
@: on berserk cooldown, slowed, very slow
A: sickness immunity, AC +5, negative energy resistance 1, electricity
resistance, torment resistance 1, petrification resistance, berserk 1, clever 1,
deterioration 1
a: Renounce Religion, Recite, Vitalisation, Donate Gold


You were on level 7 of the Dungeon.
You worshipped Zin.
Zin was pleased with you.
You visited 2 branches of the dungeon, and saw 8 of its levels.

You collected 337 gold pieces.
You donated 33 gold pieces to Zin.

Inventory:

Hand Weapons
 a - a +0 flail (weapon)
Armour
 b - a +0 scale mail (worn)
 c - a +0 buckler (worn)
 n - a scarf of harm
 p - a +1 hat (worn)
Jewellery
 g - an amulet of guardian spirit (around neck)
Wands
 e - a wand of flame (43)
 w - a wand of roots (15)
 y - a wand of paralysis (11)
Scrolls
 f - 3 scrolls of amnesia {unknown}
 i - 3 scrolls of immolation {unknown}
 l - 4 scrolls of identify {unknown}
 m - a scroll of fog {unknown}
 r - a scroll of enchant armour {unknown}
 s - a scroll of summoning {unknown}
 t - a scroll of fear {unknown}
 u - 2 scrolls of teleportation {unknown}
 x - a scroll of silence {unknown}
Potions
 d - a potion of might
 h - a potion of lignification {unknown}
 j - a potion of degeneration
 k - a potion of haste {unknown}
 o - 2 potions of enlightenment {unknown}
 q - a potion of cancellation {unknown}
 v - a potion of brilliance {unknown}


   Skills:
 * Level 5.5 Fighting
 * Level 7.5 Maces & Flails
 * Level 6.4 Armour
 * Level 5.6 Shields


You had 7 spell levels left.
You didn't know any spells.
Your spell library contained the following spells:

 Spells                   Type           Power      Damage    Failure   Level
 Foxfire                  Conj/Fire      0%         2x1d4     67%         1
 Animate Dead             Necr           0%         N/A       100%        4
 Borgnjor's Vile Clutch   Necr/Erth      0%         N/A       100%        5
 Death Channel            Necr           0%         N/A       100%        6
 Plasma Beam              Fire/Air       0%         2x1d10    100%        6
 Starburst                Conj/Fire      0%         6d3       100%        6


Dungeon Overview and Level Annotations

Branches:
Dungeon (7/15)             Temple (1/1) D:4

Altars:
Cheibriados
Dithmenos
Elyvilon
Fedhas
Gozag
Hepliaklqana
Kikubaaqudgha
Makhleb
Qazlal
Ru
Sif Muna
Trog
Uskayaw
Vehumet
Wu Jian
Xom
Yredelemnul
Zin
The Shining One


Innate Abilities, Weirdness & Mutations

You are immune to sickness and miasma.
Your stone body is resilient. (AC +5)
You are immune to poison.
You resist negative energy. (rN+)
You are resistant to electric shocks. (rElec)
You are resistant to unholy torment.
You are immune to petrification.
You sometimes lose your temper in combat.
Your mind is acute. (Int +4, Str/Dex -1)
Your body sometimes deteriorates upon taking damage.


Message History

* * * LOW HITPOINT WARNING * * *
The killer bee stings you but does no damage.
The killer bee closely misses you.
You completely miss the killer bee. You block the killer bee's attack.
The killer bee stings you but does no damage.
The killer bee stings you.
* * * LOW HITPOINT WARNING * * *
The killer bee stings you but does no damage.
The killer bee stings you.
* * * LOW HITPOINT WARNING * * *
You block the killer bee's attack.
You barely miss the killer bee. The killer bee barely misses you.
You block the killer bee's attack.
The killer bee stings you but does no damage.
You block the killer bee's attack.
The orc priest casts a cantrip, but nothing happens.
The killer bee barely misses you. The killer bee completely misses you.
You miss the killer bee.
The killer bee stings you but does no damage.
The killer bee barely misses you. The killer bee completely misses you.
You block the killer bee's attack.
The killer bee stings you but does no damage. x2
You miss the killer bee. You block the killer bee's attack. x2
The killer bee stings you but does no damage. x3
The killer bee completely misses you.
You closely miss the killer bee.
The killer bee stings you but does no damage. x6
You miss the killer bee.
An orc wizard appears from thin air!
The killer bee stings you but does no damage.
The killer bee closely misses you. The killer bee barely misses you. x2
The killer bee stings you.
* * * LOW HITPOINT WARNING * * *
The killer bee barely misses you.
You closely miss the killer bee. The killer bee barely misses you.
You block the killer bee's attack.
The killer bee stings you but does no damage. x3
The killer bee barely misses you.
The orc priest calls down the wrath of Beogh upon you.
Beogh smites you!
You die...

#....####.#
#....####.#
#......##.#
#.##......#
#.##...#..#
##
#.........##
..
#######....##
.# #.....##.#
#####@y#.#
##y#.##
#yoo.#
###o......
#......
...... .....
..... ....


You could see 3 killer bees, an orc priest, an orc wizard and an orc.

Vanquished Creatures
  A water moccasin (D:6)
  An ice beast (D:6)
  A black bear (D:6)
  2 ogres
  A bullfrog (D:6)
  3 scorpions
  2 killer bees (D:7)
  2 howler monkeys (D:7)
  A bombardier beetle (D:6)
  4 hounds
  An orc priest (D:3)
  An iguana (D:5)
  A jelly (D:5)
  A sleepcap (D:5)
  Natasha (thrice) (D:4)
  3 orc wizards
  6 adders
  7 ufetubi
  4 dart slugs
  A ribbon worm (D:5)
  21 orcs
  8 endoplasms
  4 giant cockroaches
  8 goblins
  10 hobgoblins
  8 jackals
  A quokka (D:3)
  10 ball pythons
  5 bats
  6 frilled lizards
  12 kobolds
  6 rats
145 creatures vanquished.

Notes
Turn   | Place    | Note
-------+----------+-------------------------------------------
     0 | D:1      | 12sPaWn12 the Gargoyle Fighter began the quest for the Orb.
     0 | D:1      | Reached XP level 1. HP: 14/14 MP: 1/1
   106 | D:1      | You fall into a shaft and drop 1 floor!
   156 | D:1      | Reached XP level 2. HP: 19/19 MP: 2/2
   197 | D:1      | Found a faded altar of an unknown god.
   559 | D:1      | Reached XP level 3. HP: 22/23 MP: 3/3
  1252 | D:2      | Reached XP level 4. HP: 29/29 MP: 4/4
  1264 | D:2      | Identified the staff of Yredelemnul's Outrage {^Drain Fly
                  | rN+ Dex+3 Conj Necro}
  1457 | D:3      | Reached skill level 3 in Maces & Flails
  1665 | D:3      | Reached XP level 5. HP: 14/33 MP: 1/5
  2369 | D:4      | Reached skill level 4 in Maces & Flails
  2369 | D:4      | Reached XP level 6. HP: 38/38 MP: 6/6
  2397 | D:4      | Noticed Natasha
  2404 | D:4      | Killed Natasha
  2662 | D:4      | Noticed Natasha
  2677 | D:4      | Gained mutation: You have a somewhat thin skeletal
                  | structure. (Dex +2, Stealth+) [potion of mutation]
  2677 | D:4      | Gained mutation: You have a pair of small antennae on your
                  | head. [potion of mutation]
  2687 | D:4      | Killed Natasha
  2735 | D:4      | Noticed Natasha
  2740 | D:4      | Killed Natasha
  2998 | D:4      | Reached skill level 5 in Maces & Flails
  2998 | D:4      | Reached XP level 7. HP: 40/44 MP: 5/7
  3227 | D:4      | Found a staircase to the Ecumenical Temple.
  3235 | Temple   | Entered the Ecumenical Temple
  3245 | Temple   | Lost mutation: You have a pair of small antennae on your
                  | head. [potion of mutation]
  3245 | Temple   | Lost mutation: You have a somewhat thin skeletal structure.
                  | (Dex +2, Stealth+) [potion of mutation]
  3245 | Temple   | Gained mutation: Potions are less effective at restoring
                  | your health. [potion of mutation]
  3245 | Temple   | Gained mutation: Your mind is acute. (Int +4, Str/Dex -1)
                  | [potion of mutation]
  3246 | Temple   | Lost mutation: Potions are less effective at restoring your
                  | health. [potion of mutation]
  3246 | Temple   | Lost mutation: Your mind is acute. (Int +4, Str/Dex -1)
                  | [potion of mutation]
  3246 | Temple   | Gained mutation: You sometimes lose your temper in combat.
                  | [potion of mutation]
  3246 | Temple   | Gained mutation: Your body sometimes deteriorates upon
                  | taking damage. [potion of mutation]
  3246 | Temple   | Gained mutation: Your mind is acute. (Int +4, Str/Dex -1)
                  | [potion of mutation]
  3247 | Temple   | Became a worshipper of Zin the Law-Giver
  3247 | Temple   | Reached * piety under Zin
  3295 | D:5      | Entered Level 5 of the Dungeon
  3329 | D:5      | Reached skill level 5 in Armour
  3533 | D:5      | Found a bloodstained altar of Trog.
  3605 | D:5      | Found a snail-covered altar of Cheibriados.
  3764 | D:5      | Identified the +6 hand axe of Hanabanyg {chaos, Dex+4}
  3791 | D:5      | Reached skill level 6 in Maces & Flails
  3801 | D:5      | Reached skill level 5 in Shields
  4551 | D:6      | Reached XP level 8. HP: 48/48 MP: 8/8
  4578 | D:6      | Reached skill level 5 in Fighting
  4647 | D:6      | Reached ** piety under Zin
  4811 | D:6      | Found a radiant altar of Vehumet.
  4931 | D:6      | Reached skill level 7 in Maces & Flails
  5585 | D:7      | Killed from afar by an orc priest

Illustrated notes

Levels and vault maps discovered:
D:1:      saegor_arrival_simple_b, layout_loops_corners,
          ebering_ecumenical_altar_abandoned
D:2:      layout_rooms
D:3:      layout_loops_ring
D:4:      corexii_shack_village, layout_gridville, temple_statues,
          grunt_decor_junction, uniq_natasha
D:5:      layout_basic, trog_three_pillars_becter, cheibrodos_worm_habitat
D:6:      layout_basic, lemuel_coloured_pillars_altar, centaur_isle
D:7:      layout_basic, old_standard_altar, nicolae_grassy_gnolls
Temple:   nicolae_temple_x_marks_the_god

Skill      XL: |  1  2  3  4  5  6  7  8 |
---------------+-------------------------+-----
Shields        | 4 5 |  5.6
Maces & Flails | 3 4 5 6 7 |  7.5
Armour         | 4 5 6 |  6.4
Fighting       | 4 5 |  5.5

Action                     |  1- 3 |  4- 6 |  7- 9 || total
---------------------------+-------+-------+-------++-------
  Melee: Flail             |   177 |   260 |   227 ||   664
    Use: Potion            |       |     6 |     2 ||     8
   Stab: Invisible         |       |     2 |       ||     2
 Armour: Scale mail        |   139 |   234 |   286 ||   659
  Dodge: Dodged            |   103 |   107 |   167 ||   377
  Block: Buckler           |    56 |    62 |    84 ||   202

Table legend: (Time is in decaauts)
 A = Elapsed time spent in this place.
 B = Non-inter-level travel time spent in this place.
 C = Inter-level travel time spent in this place.
 D = Time resting spent in this place.
 E = Time spent auto-exploring this place.
 F = Levels seen in this place.
 G = Mean time per level.
                   A        B        C        D        E       F      G
               +--------+--------+--------+--------+--------+-----+--------+
         Total |   5775 |   5554 |    221 |      0 |   4206 |   8 |  721.9 |
       Dungeon |   5752 |   5549 |    203 |      0 |   4206 |   7 |  821.7 |
        Temple |     22 |      4 |     18 |      0 |      0 |   1 |   22.0 |
               +--------+--------+--------+--------+--------+-----+--------+

Top non-repeatable levels by time:
     D:6: 1074 daAuts
     D:5: 1052 daAuts
     D:1: 995 daAuts
     D:4: 966 daAuts
     D:3: 919 daAuts
     D:2: 513 daAuts
     D:7: 230 daAuts
  Temple: 22 daAuts
